 Dungeon Crawl Stone Soup version 0.27-a0-1137-g3ef0f4ec91 (webtiles) character file.

Game seed: 17353627376533388482

1206 Mgcat the Thaumaturge (level 8, 0/50 HPs)
             Began as a Djinni Earth Elementalist on May 6, 2021.
             Slain by Eustachio
             ... wielding a +4 falchion of electrocution
              (9 damage)
             ... on level 5 of the Dungeon.
             The game lasted 00:07:50 (3714 turns).

Mgcat the Thaumaturge (Djinni Earth Elementalist)   Turns: 3714, Time: 00:07:51

Health: 0/50       AC:  4    Str:  7    XL:     8   Next: 45%
Gold:   127        EV: 12    Int: 20    God:
                   SH:  0    Dex: 13

rFire    + + +     SeeInvis .   p - +2 mace of Uffu {protect, rPois rF+}
rCold    x . .     Faith    .   (no shield)
rNeg     + . .     Spirit   .   e - +0 robe {rN+}
rPois    ∞         Reflect  .   (no helmet)
rElec    .         Harm     .   j - +0 cloak
rCorr    .         Rampage  .   o - +0 pair of gloves
Will     .....                  (boots unavailable)
Stlth    ++........             (no amulet)
HPRegen  0.16/turn              h - ring of protection from fire {rF+, !d}
MPRegen  0.00/turn              l - ring of wizardry {Wiz+, !d}

@: flying
A: sickness immunity, fire resistance 2, cold vulnerability 1, float, innate
caster, hp casting, extra vitality 1
a: no special abilities


You were on level 5 of the Dungeon.
You visited 1 branch of the dungeon, and saw 5 of its levels.

You collected 127 gold pieces.

Inventory:

Hand Weapons
 p - the +2 mace of Uffu (weapon) {protect, rPois rF+}
   (You found it on level 4 of the Dungeon)

   It grants its wielder temporary protection when it strikes (+7 to AC).
   It protects you from fire.
   It protects you from poison.
Missiles
 b - 95 stones (quivered)
Armour
 e - a +0 robe of positive energy (worn)
   (You found it on level 1 of the Dungeon)
 j - a +0 cloak (worn)
   (You found it on level 5 of the Dungeon)
 o - a +0 pair of gloves (worn)
   (You found it on level 4 of the Dungeon)
Jewellery
 h - a ring of protection from fire (left hand) {rF+, !d}
   (You found it on level 2 of the Dungeon)
 l - a ring of wizardry (right hand) {Wiz+, !d}
   (You found it on level 3 of the Dungeon)
Scrolls
 a - 3 scrolls of identify {unknown}
 c - a scroll of fog {unknown}
 f - 2 scrolls of amnesia {unknown}
 g - a scroll of teleportation {unknown}
 q - a scroll of magic mapping {unknown}
Potions
 d - 2 potions of curing {unknown}
 i - 2 potions of heal wounds {unknown}
 k - 2 potions of haste {unknown}
 m - a potion of magic {unknown}
 n - a potion of degeneration {unknown}


   Skills:
 - Level 2.1 Dodging
 - Level 1.5 Stealth
 * Level 8.8 Spellcasting


You had 3 spell levels left.
You knew the following spells:

 Your Spells              Type           Power      Damage    Failure   Level
a - Sandblast             Erth           88%        2d18      1%          1
b - Passwall              Tmut/Erth      36%        N/A       1%          2
c - Stone Arrow           Conj/Erth      88%        3d12      1%          3
d - Petrify               Tmut/Erth      44%        N/A       1%          4
e - Lee's Rapid Deconstr  Erth           22%        3d13*     2%          5
f - Summon Small Mammal   Summ           100%       N/A       1%          1
g - Static Discharge      Conj/Air       44%        N/A       1%          2
h - Summon Guardian Gole  Hex/Summ       44%        N/A       1%          3
Your spell library was empty.

Dungeon Overview and Level Annotations

Branches:
Dungeon (5/15)
 Temple: D:4-7

Altars:

Annotations:
D:5 Edmund, Eustachio


Innate Abilities, Weirdness & Mutations

You are immune to sickness and miasma.
You are immune to poison.
Your flesh is very heat resistant. (rF++)
You are vulnerable to cold. (rC-)
You float through the air rather than walking.
You learn spells naturally, not from books.
Your magical power is your life essence.
You have superior vitality. (+4 HP)


Message History

Spoiler Alert: Pikel can hit for high damage in melee!
Casting: Stone Arrow (safe; 1% risk of failure)
Confirm with . or Enter, or press ? or * to list all spells.
Aiming: Stone Arrow (safe; 1% risk of failure)
Press: ? - help, Shift-Dir - straight line, f/p - Pikel
Aim: Pikel, wielding a +1 whip of freezing and wearing a +0 robe (severely wounded, 67% to hit)
The stone arrow misses Pikel.
Pikel closely misses you.
You take 3 damage, and have 25/45 hp.
Warning x2: Pikel can hit for high damage in melee!
Eustachio can summon minor creatures and blink!
Casting: Stone Arrow (safe; 1% risk of failure)
Confirm with . or Enter, or press ? or * to list all spells.
Aiming: Sandblast (safe; 1% risk of failure)
Press: ? - help, Shift-Dir - straight line, f/p - Pikel
Aim: Pikel, wielding a +1 whip of freezing and wearing a +0 robe (severely wounded, 77% to hit)
The blast of sand misses Pikel.
b - 95 stones Pikel hits you with a +1 whip of freezing.
Pikel freezes you. The lemure closely misses you.
You take 5 damage, and have 20/45 hp.
Spoiler Alert: Pikel can hit for high damage in melee!
Casting: Sandblast (safe; 1% risk of failure)
Confirm with . or Enter, or press ? or * to list all spells.
Aiming: Stone Arrow (safe; 1% risk of failure)
Press: ? - help, Shift-Dir - straight line, f/p - Pikel
Aim: Pikel, wielding a +1 whip of freezing and wearing a +0 robe (severely wounded, 67% to hit)
The stone arrow hits Pikel!
You kill Pikel!
With Pikel's spell broken, his former minions thank you for their freedom.
The lemure departs this earthly plane. x2
Your Spellcasting skill increases to level 8!
You have reached level 8!
You feel clever.
You take 1 damage, and have 19/50 hp.
Spoiler Alert: Eustachio can summon minor creatures and blink!
Eustachio mumbles some strange words.
Eustachio blinks!
You regained 2 hp, and now have 23/50 hp.
Things that are here:
a +0 club; a +0 leather armour; a +0 giant club
There is a stone staircase leading up here.
You start resting.
Eustachio is nearby!
You regained 2 hp, and now have 28/50 hp.
Spoiler Alert: Eustachio can summon minor creatures and blink!
Unknown command.
You fly upwards.
There is a stone staircase leading down here.
You start resting.
HP restored.
You regained 14 hp, and now have 42/50 hp.
You start resting.
HP restored.
Health restored: 50 You fly downwards.
Level annotation: Edmund, Eustachio Eustachio says, "My allies will avenge me."
Eustachio casts a spell.
There is a stone staircase leading up here.
Spoiler Alert: Eustachio can summon minor creatures and blink!
Casting: Stone Arrow (safe; 1% risk of failure)
Confirm with . or Enter, or press ? or * to list all spells.
Aiming: Lee's Rapid Deconstruction (dangerous; 2% risk of failure)
Press: ? - help, Dir - move target A rock wall.
The wall shatters!
The blast of rock fragments hits Eustachio!
Eustachio is moderately wounded.
The blast of rock fragments hits the quokka!!
You kill the quokka!
The quokka's corpse disappears in a puff of smoke!
You take 5 damage, and have 45/50 hp.
Spoiler Alert: Eustachio can summon minor creatures and blink!
Casting: Lee's Rapid Deconstruction (dangerous; 2% risk of failure)
Confirm with . or Enter, or press ? or * to list all spells.
Aiming: Lee's Rapid Deconstruction (dangerous; 2% risk of failure)
Press: ? - help, Dir - move target A rock wall.
Okay, then.
Spoiler Alert: Eustachio can summon minor creatures and blink!
Casting: Lee's Rapid Deconstruction (dangerous; 2% risk of failure)
Confirm with . or Enter, or press ? or * to list all spells.
Aiming: Stone Arrow (safe; 1% risk of failure)
Press: ? - help, Shift-Dir - straight line The stone arrow hits Eustachio!!
Eustachio is almost dead.
Eustachio hits you with a +4 falchion of electrocution!
You are electrocuted!
You take 29 damage, and have 16/50 hp.
MASSIVE DAMAGE!!
Spoiler Alert: Eustachio can summon minor creatures and blink!
Casting: Stone Arrow (safe; 1% risk of failure)
Confirm with . or Enter, or press ? or * to list all spells.
Aiming: Stone Arrow (safe; 1% risk of failure)
Press: ? - help, Shift-Dir - straight line, f - Eustachio
Aim: Eustachio, wielding a +4 falchion of electrocution and wearing a +0 leather armour (blue smoke, almost dead, 67% to hit)
The stone arrow misses Eustachio.
* * * LOW HITPOINT WARNING * * *
Eustachio hits you with a +4 falchion of electrocution.
* * * LOW HITPOINT WARNING * * *
You are electrocuted!
You die...

##### ################@..#
.............r§@.###
##.....#.....##### #########
#.?...........###########........
...............##.........#######
..................######### #
...............#### #
...............# ###
...............# ###..


You could see Eustachio.

Vanquished Creatures
  Pikel (D:5)
  Grinder (D:3)
  An ice beast (D:5)
  A black bear (D:4)
  An ogre (D:5)
  2 lemures (D:5)
  A scorpion (D:5)
  A bullfrog skeleton (D:5)
  A jelly (D:5)
  A centaur skeleton (D:5)
  An iguana (D:5)
  3 gnolls (D:3)
  4 adders
  An adder skeleton (D:5)
  2 worms (D:4)
  A dart slug (D:2)
  3 orcs
  5 ball pythons
  5 endoplasms
  4 goblins
  A hobgoblin (D:2)
  3 jackals (D:1)
  3 quokkas
  4 bats
  7 frilled lizards
  5 kobolds
  6 rats
69 creatures vanquished.

Notes
Turn   | Place    | Note
-------+----------+-------------------------------------------
     0 | D:1      | Mgcat the Djinni Earth Elementalist began the quest for the
                  | Orb.
     0 | D:1      | Reached XP level 1. HP: 15/15 MP: 0/0
   262 | D:1      | Reached skill level 3 in Spellcasting
   305 | D:1      | Reached XP level 2. HP: 12/21 MP: 0/0
   418 | D:1      | Found a faded altar of an unknown god.
   738 | D:1      | Reached XP level 3. HP: 24/25 MP: 0/0
   738 | D:1      | Learned a level 1 spell: Summon Small Mammal
  1207 | D:2      | Reached skill level 4 in Spellcasting
  1578 | D:3      | Reached XP level 4. HP: 30/31 MP: 0/0
  1635 | D:3      | Noticed Grinder
  1642 | D:3      | Killed Grinder
  1643 | D:3      | Reached skill level 5 in Spellcasting
  1643 | D:3      | Reached XP level 5. HP: 25/35 MP: 0/0
  1643 | D:3      | Learned a level 2 spell: Static Discharge
  1643 | D:3      | Reached XP level 6. HP: 29/40 MP: 0/0
  2471 | D:4      | Noticed a black bear
  2479 | D:4      | Killed a black bear
  2480 | D:4      | Reached skill level 6 in Spellcasting
  2760 | D:4      | Identified the +2 mace of Uffu {protect, rPois rF+}
  2782 | D:5      | Entered Level 5 of the Dungeon
  2883 | D:5      | Reached XP level 7. HP: 36/45 MP: 0/0
  2883 | D:5      | Learned a level 3 spell: Summon Guardian Golem
  3107 | D:5      | Reached skill level 7 in Spellcasting
  3206 | D:5      | Noticed Edmund
  3364 | D:5      | Noticed Pikel
  3515 | D:5      | Noticed Eustachio
  3521 | D:5      | Killed Pikel
  3522 | D:5      | Reached skill level 8 in Spellcasting
  3522 | D:5      | Reached XP level 8. HP: 19/50 MP: 0/0
  3714 | D:5      | HP: 9/50 [Eustachio/+4 falchion of electrocution (4)]
  3714 | D:5      | Slain by Eustachio

Illustrated notes

Levels and vault maps discovered:
D:1:      dpeg_arrival_erosion, layout_loops_ring,
          hellmonk_ecumenical_altar_pennies_from_heaven
D:2:      layout_loops_ring, lightli_corner_chamber
D:3:      layout_basic, uniq_grinder
D:4:      layout_cave_pools
D:5:      layout_rooms, serial_shops, shop, uniq_edmund, uniq_eustachio,
          uniq_pikel

Skill      XL: |  1  2  3  4  5  6  7 |
---------------+----------------------+-----
Spellcasting   | 3 4 5 6 8 |  8.8
Dodging        | |  2.1
Stealth        | |  1.5

Action                   |  1- 3 |  4- 6 |  7- 9 || total
-------------------------+-------+-------+-------++-------
Melee: Dagger            |     4 |       |       ||     4
 Cast: Sandblast         |    38 |     8 |     1 ||    47
       Stone Arrow       |     4 |    26 |    29 ||    59
       Lee's Rapid Decon |       |       |     1 ||     1
Armor: Robe              |     2 |       |       ||     2
Dodge: Dodged            |     5 |     1 |     2 ||     8

Table legend: (Time is in decaauts)
 A = Elapsed time spent in this place.
 B = Non-inter-level travel time spent in this place.
 C = Inter-level travel time spent in this place.
 D = Time resting spent in this place.
 E = Time spent auto-exploring this place.
 F = Levels seen in this place.
 G = Mean time per level.
                   A        B        C        D        E       F      G
               +--------+--------+--------+--------+--------+-----+--------+
         Total |   3712 |   3577 |    135 |    544 |   2614 |   5 |  742.4 |
       Dungeon |   3712 |   3577 |    135 |    544 |   2614 |   5 |  742.4 |
               +--------+--------+--------+--------+--------+-----+--------+

Top non-repeatable levels by time:
     D:1: 830 daAuts
     D:5: 797 daAuts
     D:3: 708 daAuts
     D:2: 689 daAuts
     D:4: 686 daAuts

Table legend:
 A = Kills in this place as a percentage of kills in entire the game.
 B = Kills by you in this place as a percentage of kills by you in the entire game.
 C = Kills by friends in this place as a percentage of kills by friends in the entire game.
 D = Other kills in this place as a percentage of other kills in the entire game.
 E = Experience gained in this place as a percentage of experience gained in the entire game.
 F = Experience gained in this place divided by the number of levels of this place that you have seen.
                   A       B       C       D       E      F
               +-------+-------+-------+-------+-------+----------------------
         Total | 100.0 | 100.0 |   N/A |   N/A | 100.0 | 344.8
       Dungeon | 100.0 | 100.0 |   N/A |   N/A | 100.0 | 344.8
               +-------+-------+-------+-------+-------+----------------------
